 Dungeon Crawl Stone Soup version 0.16.1-7-g2c6721e (webtiles) character file.

2338 Zugr the Grappler (level 9, -4/71 HPs)
             Began as a Minotaur Fighter on Mar 29, 2015.
             Slain by a hill giant
             ... wielding a +0 giant spiked club
              (19 damage)
             ... on level 6 of the Dungeon on Mar 30, 2015.
             The game lasted 00:23:24 (6804 turns).

Zugr the Grappler (Minotaur Fighter)                Turns: 6804, Time: 00:23:25

Health: -4/71      AC: 14    Str: 22    XL:     9   Next: 19%
Magic:  4/4        EV:  6    Int:  5    God:
Gold:   366        SH: 10    Dex: 12    Spells: 0 memorised, 8 levels left

rFire  . . .     SeeInvis .       - Unarmed
rCold  + . .     Clarity  .     A - +0 plate armour (curse)
rNeg   . . .     SustAb   .     c - +0 shield
rPois  .         Gourm    .     (helmet restricted)
rElec  .         Spirit   .     (no cloak)
rCorr  .         Warding  .     y - +0 pair of gloves
rMut   .         Stasis   .     (no boots)
MR     +....                    (no amulet)
Stlth  ..........               u - ring of protection from magic (curse)
                                h - ring of protection from cold (curse)

@: somewhat resistant to hostile enchantments, extremely unstealthy
A: retaliatory headbutt, horns 2
a: no special abilities


You were on level 6 of the Dungeon.
You were not hungry.

You visited 1 branch of the dungeon, and saw 6 of its levels.
You also visited: Ossuary.

You collected 366 gold pieces.

Inventory:

Hand weapons
 D - the cursed +7 mace "Psanerao" {pain, Int+4}
   (You found it on level 5 of the Dungeon)

   In the hands of one skilled in necromantic magic, it inflicts extra damage on
   living creatures.
   It affects your intelligence (+4).
   It has a curse placed upon it.
Missiles
 E - 4 javelins (quivered)
Armour
 c - a +0 shield (worn)
 y - a +0 pair of gloves (worn)
 A - a cursed +0 plate armour (worn)
Jewellery
 h - a cursed ring of protection from cold (left hand)
 l - an uncursed ring of wizardry
 q - a cursed ring of protection from cold
 u - a cursed ring of protection from magic (right hand)
Magical devices
 e - a wand of lightning (9)
 r - a wand of draining (6)
Scrolls
 b - a scroll of holy word {unknown}
 d - 4 scrolls of remove curse
 g - 5 scrolls of identify
 k - 4 scrolls of random uselessness {unknown}
 o - a scroll of immolation {unknown}
 p - 6 scrolls of teleportation {unknown}
 s - a scroll of magic mapping
Potions
 f - 3 potions of haste {unknown}
 j - a potion of magic {unknown}
 t - a potion of restore abilities {unknown}
 v - a potion of flight {unknown}
 x - a potion of invisibility {unknown}
 z - 2 potions of heal wounds {unknown}
 B - a potion of agility {unknown}
 C - a potion of curing {unknown}
Comestibles
 a - 3 bread rations
 i - 2 royal jellies
 m - a beef jerky
 n - 4 chunks of flesh


   Skills:
 + Level 3.7 Fighting
 + Level 6.6 Armour
 + Level 4.5 Dodging
 + Level 5.9 Shields
 + Level 10.7 Unarmed Combat


You had 8 spell levels left.
You didn't know any spells.

Dungeon Overview and Level Annotations

Branches:
Dungeon (6/15)
 Temple: D:4-7

Altars:
Vehumet

Annotations:
D:6 2 runed doors


Innate Abilities, Weirdness & Mutations

You reflexively headbutt those who attack you in melee.
You have a pair of horns on your head.


Message History

The hill giant hits you with a giant spiked club!!
* * * LOW HITPOINT WARNING * * *
Your plate armour prevents you from hitting the hill giant.
The hill giant is moderately wounded.
The crimson imp puffs mist at you. You block the crimson imp's attack.
You block the hill giant's attack.
You hit the hill giant!
You headbutt the hill giant, but do no damage.
The hill giant is moderately wounded.
The crimson imp hits you but does no damage.
You hit the hill giant.
The hill giant is heavily wounded.
The crimson imp hits you but does no damage.
You block the hill giant's attack.
You hit the hill giant! You headbutt the hill giant!
The hill giant is severely wounded.
The crimson imp hits you.
* * * LOW HITPOINT WARNING * * *
The hill giant hits you with a giant spiked club!!
You die...

.##..#,*,*,,#..........#
*,,,,
.##..#,**,*,+.##++##...#
*,,,,
.##..#,,****###8..8##..#
***** .....##,,,,*
#8....8#..# .##...#*****
#)(...?#..# ......#*****
#$...(}#..# ####(##,*,,*
#8....8#.##
#..#,**,#####8C58#*.*
#(.#,*,##.'.##@'##..#
#..#,,,#.##........#*
#..#,**##.#..#.###.#
#..##....##....# *>#
#...######...### *,*
###.#........#.# *,*
...............####*,*
###.####............,*
#.# #.#####.####***


You could see a hill giant and a crimson imp.

Vanquished Creatures
  Menkaure (D:6)
  2 orc warriors (D:6)
  6 ogres
  A phantom (D:4)
  A centaur (D:5)
  4 giant frogs
  A jelly (D:5)
  A goliath beetle (D:6)
  A centaur skeleton (D:6)
  2 crimson imps
  6 centaur zombies (Ossuary)
  An orc priest (D:6)
  2 hounds
  7 orc wizards
  2 worker ants
  An iguana (D:5)
  3 big kobold zombies (Ossuary)
  4 mummies (Ossuary)
  7 adders
  4 gnolls (D:2)
  A giant mite (D:2)
  2 shadow imps
  6 worms
  9 giant geckos
  20 orcs
  2 ball pythons (D:3)
  3 bat skeletons
  3 giant cockroaches
  13 goblins
  11 hobgoblins
  4 jackals
  5 quokkas
  8 bats
  6 giant newts
  A hobgoblin zombie (Ossuary)
  A jackal skeleton (D:4)
  A jackal zombie (D:5)
  13 kobolds
  13 rats
179 creatures vanquished.

Notes
Turn   | Place    | Note
--------------------------------------------------------------
     0 | D:1      | Zugr, the Minotaur Fighter, began the quest for the Orb.
     0 | D:1      | Reached XP level 1. HP: 19/19 MP: 1/1
   254 | D:1      | Reached XP level 2. HP: 26/26 MP: 1/1
   809 | D:2      | Reached XP level 3. HP: 28/31 MP: 2/2
   820 | D:2      | Reached skill level 4 in Unarmed Combat
  1133 | D:2      | Reached XP level 4. HP: 28/39 MP: 2/2
  1333 | D:2      | Reached skill level 5 in Unarmed Combat
  1738 | D:2      | Reached XP level 5. HP: 43/45 MP: 2/2
  2105 | D:3      | Reached skill level 6 in Unarmed Combat
  2562 | D:4      | Noticed a phantom
  2590 | D:4      | Killed a phantom
  2590 | D:4      | Reached skill level 7 in Unarmed Combat
  2590 | D:4      | Reached XP level 6. HP: 35/51 MP: 3/3
  3787 | D:5      | Entered Level 5 of the Dungeon
  3799 | D:5      | Reached skill level 8 in Unarmed Combat
  3818 | D:5      | Reached XP level 7. HP: 32/57 MP: 3/3
  3983 | D:5      | Reached skill level 9 in Unarmed Combat
  4266 | D:5      | Reached skill level 1 in Dodging
  4277 | D:5      | Reached XP level 8. HP: 40/64 MP: 3/3
  4617 | D:5      | Got a faintly glowing mace
  4618 | D:5      | Identified the +7 mace "Psanerao" {pain, Int+4} (You found it on level 5 of the Dungeon)
  4819 | D:6      | Reached skill level 10 in Unarmed Combat
  4830 | D:6      | Found a large runed door.
  4830 | D:6      | Found a large runed door.
  4855 | D:6      | Found a sand-covered staircase.
  4860 | Ossuary  | Entered an ossuary
  5195 | Ossuary  | Reached skill level 5 in Armour
  5666 | D:6      | Reached skill level 5 in Shields
  5856 | D:6      | Found a radiant altar of Vehumet.
  6111 | D:6      | Noticed Menkaure
  6258 | D:6      | Killed Menkaure
  6258 | D:6      | Reached XP level 9. HP: 36/70 MP: 4/4
  6775 | D:6      | Found a large runed door.
  6777 | D:6      | Found a large runed door.
  6795 | D:6      | Noticed a hill giant
  6804 | D:6      | Slain by a hill giant

Action                   |  1- 3 |  4- 6 |  7- 9 || total
-------------------------+-------+-------+-------++-------
Melee: Unarmed           |   104 |   174 |   334 ||   612
Throw: Javelin           |       |       |     8 ||     8
  Use: Scroll            |     5 |       |     2 ||     7
       Potion            |       |     1 |     3 ||     4
  Eat: Chunk             |     1 |     7 |     8 ||    16
       Fruit             |       |     2 |       ||     2
       Beef jerky        |       |       |     1 ||     1
